 Dungeon Crawl Stone Soup version 0.31.0-1-g2c135a0 (webtiles) character file.

Game seed: 14095041513556343583

582811 ww7 the Maledictor (level 27, -5/151 (215) HPs)
             Began as a Hill Orc Enchanter on Apr 8, 2024.
             Was the Champion of Dithmenos.
             Slain by an Orb Guardian (7 damage)
             ... on level 5 of the Realm of Zot on Apr 10, 2024.
             The game lasted 05:17:24 (64092 turns).

ww7 the Maledictor (Hill Orc Enchanter)            Turns: 64092, Time: 05:17:25

HP:   -5/151 (215)  AC: 17    Str:  8 (13) XL:     27
MP:   25/36         EV: 15    Int: 20 (25) God:    Dithmenos [******]
Gold: 143           SH:  4    Dex: 19 (22) Spells: 3/44 levels left

rFire   + + .        b - +8 short sword of Salt {spect, rElec Int+4 Dex-2}
rCold   + + .        f - orb {guile}
rNeg    + + +        P - +3 troll leather armour
rPois   ∞            d - +2 helmet
rElec   +            n - scarf {rC+ rF+}
rCorr   .            B - +5 pair of gloves of Zaotid {+Inv Int-4 Dex+4 SInv}
SInv    +            R - +5 pair of boots "Jeen" {Rampage ^Drain rPois Will+++}
Will    ∞            X - amulet of magic regeneration Stlth ###*******
                     q - ring of Qasesie {rF+ rC+ rN+ Str-2 Dex+3}
HPRegen 1.25/turn    N - +6 ring of intelligence
MPRegen 0.65/turn

%: rampage
@: brilliant, shadow-form, weak-willed, corroded, slightly contaminated, hasted
and slowed, wreathed by umbra, studying Axes, very heavily drained, invisible
A: shadow resist, half damage, bleed smoke, invisible, large bone plates 1,
deterioration 1, no potion heal 1, inability to drink after injury 1
}: 3/15 runes: decaying, silver, gossamer
a: End Transformation, Renounce Religion, Evoke Invisibility, Shadow Step,
Shadow Form


You were on level 5 of the Realm of Zot.
You worshipped Dithmenos.
Dithmenos was exalted by your worship.
You were a swirling mass of dark shadows.
You visited 10 branches of the dungeon, and saw 48 of its levels.
You also visited: Gauntlet.

You collected 6330 gold pieces.
You spent 6187 gold pieces at shops.

Inventory:

Hand Weapons
 b - the +8 short sword of Salt (weapon) {spect, rElec Int+4 Dex-2}
   (You took it off a deep elf sorcerer on level 5 of the Vaults)

   Int+4:     It affects your intelligence (+4).
   Dex-2:     It affects your dexterity (-2).
   rElec:     It insulates you from electricity.
 t - the +7 short sword of the Foot {freeze, rF+ rC+ MP+9}
   (You found it on level 6 of the Dungeon)

   rF+:       It protects you from fire.
   rC+:       It protects you from cold.
   MP+9:      It affects your magic capacity (+9).
 C - a +9 quick blade of protection
Missiles
 w - 3 curare-tipped darts
 z - a throwing net {!f}
 G - 13 javelins
 O - 11 silver javelins
Armour
 d - a +2 helmet (worn)
 f - an orb of guile (worn)
 n - a scarf of resistance (worn)
 p - a +2 cloak of preservation
 B - the +5 pair of gloves of Zaotid (worn) {+Inv Int-4 Dex+4 SInv}
   (You acquired it on level 14 of the Dungeon)

   Int-4:     It affects your intelligence (-4).
   Dex+4:     It affects your dexterity (+4).
   SInv:      It lets you see invisible.
   +Inv:      It lets you turn invisible.
 P - a +3 troll leather armour (worn)
 R - the +5 pair of boots "Jeen" (worn) {Rampage ^Drain rPois Will+++}
   (You found it on level 2 of the Vaults)

   rPois:     It protects you from poison Will+++: It greatly increases your
   willpower.
   ^Drain:    It drains your maximum health when unequipped.
   Rampage:   It bestows one free step when moving towards enemies.
Jewellery
 q - the ring of Qasesie (left hand) {rF+ rC+ rN+ Str-2 Dex+3}
   (You found it in a Gauntlet)

   [ring of positive energy]

   Str-2:     It affects your strength (-2).
   Dex+3:     It affects your dexterity (+3).
   rF+:       It protects you from fire.
   rC+:       It protects you from cold.
   rN+:       It protects you from negative energy.
 N - a +6 ring of intelligence (right hand)
 X - an amulet of magic regeneration (around neck)
Wands
 A - a wand of polymorph (26)
 F - a wand of roots (33)
 S - a wand of flame (50) (quivered)
 V - a wand of quicksilver (9)
 Z - a wand of digging (5)
Scrolls
 h - 2 scrolls of summoning
 j - 7 scrolls of fear
 l - 8 scrolls of teleportation
 v - 3 scrolls of vulnerability
 y - 27 scrolls of identify
 I - 5 scrolls of silence
 M - 2 scrolls of amnesia
 T - 3 scrolls of fog
Potions
 a - 5 potions of haste
 c - 21 potions of curing
 e - 9 potions of heal wounds {!q}
 g - 4 potions of cancellation
 i - 8 potions of ambrosia
 k - 3 potions of resistance
 m - 17 potions of brilliance
 s - a potion of magic
 x - 15 potions of enlightenment
 D - 5 potions of might
 K - 2 potions of mutation
 U - 9 potions of attraction
 W - 4 potions of invisibility
Miscellaneous
 u - a phantom mirror (inert)
 J - a condenser vane
 L - a lightning rod (4/4)
 Q - a phial of floods
 Y - a sack of spiders


   Skills:
 + Level 11.9 Fighting
 - Level 14.0 Short Blades
 - Level 4.3 Throwing
 - Level 2.8 Armour
 - Level 6.7 Dodging
 - Level 17.0 Stealth
 - Level 6.9 Shields
 - Level 9.3 Spellcasting
 * Level 19.6 Conjurations
 * Level 21.5 Hexes
 - Level 9.5 Necromancy
 - Level 5.0 Ice Magic
 - Level 15.5 Earth Magic
 + Level 7.4 Alchemy
 - Level 14.0 Invocations
 - Level 10.2 Evocations


You had 3 spell levels left.
You knew the following spells:

 Your Spells              Type           Power      Damage    Failure   Level
a - Ensorcelled Hibernat  Hex/Ice        62%        N/A       1%          2
b - Confusing Touch       Hex            47%        N/A       0%          3
c - Lee's Rapid Deconstr  Erth           17%        3d11*     1%          5
d - Borgnjor's Vile Clut  Necr/Erth      14%        N/A       1%          5
e - Enfeeble              Hex            23%        N/A       1%          7
f - Bombard               Conj/Erth      19%        9d4       1%          6
g - Discord               Hex            23%        N/A       10%         8
r - Irradiate             Conj/Alch      15%        3d16      1%          5

Your spell library contained the following spells:

 Spells                   Type           Power      Damage    Failure   Level
 Dazzling Flash           Conj/Hex       90%        N/A       0%          3
 Tukima's Dance           Hex            47%        N/A       0%          3
 Foxfire                  Conj/Fire      96%        2x1d8     1%          1
 Freeze                   Ice            56%        1d7       1%          1
 Necrotise                Necr           92%        1d8       1%          1
 Shock                    Conj/Air       96%        1d9       1%          1
 Cigotuvi's Dreadful Rot  Necr/Alch/Air  30%        N/A       1%          2
 Static Discharge         Conj/Air       48%        3-5/arc   1%          2
 Hailstorm                Conj/Ice       29%        3d8       1%          3
 Inner Flame              Hex/Fire       26%        N/A       1%          3
 Mephitic Cloud           Conj/Alch/Air  22%        N/A       1%          3
 Passwall                 Erth           35%        N/A       1%          3
 Vampiric Draining        Necr           23%        2d7       1%          3
 Mercury Vapours          Alch/Air       24%        N/A       3%          2
 Frozen Ramparts          Ice            28%        1d5       4%          3
 Ozocubu's Armour         Ice            14%        N/A       4%          3
 Summon Small Mammal      Summ           16%        N/A       11%         1
 Scorch                   Fire           8%         2d5       16%         2
 Call Canine Familiar     Summ           4%         N/A       30%         3
 Swiftness                Air            4%         N/A       30%         3
 Cause Fear               Hex            23%        N/A       0%          4
 Anguish                  Hex/Necr       17%        N/A       1%          4
 Brom's Barrelling Bould  Conj/Erth      39%        2d6       1%          4
 Flame Wave               Conj/Fire      24%        2d8       1%          4
 Leda's Liquefaction      Alch/Erth      13%        N/A       1%          4
 Iskenderun's Battlesphe  Conj           43%        2d9       1%          5
 Metabolic Englaciation   Hex/Ice        15%        N/A       1%          5
 Orb of Destruction       Conj           21%        9d8       2%          7
 Animate Armour           Summ/Erth      40%        N/A       4%          4
 Olgreb's Toxic Radiance  Alch           19%        N/A       4%          4
 Arcjolt                  Conj/Air       12%        1d22      5%          5
 Fireball                 Conj/Fire      12%        3d7       5%          5
 Curse of Agony           Necr           23%        N/A       6%          5
 Freezing Cloud           Conj/Ice/Air   10%        6-21      10%         5
 Martyr's Knell           Necr/Summ      14%        N/A       14%         4
 Ignite Poison            Fire/Alch      12%        N/A       22%         4
 Sticky Flame             Fire/Alch      12%        2d5       22%         4
 Conjure Ball Lightning   Conj/Air       12%        3x3d6     28%         6
 Starburst                Conj/Fire      12%        6d5       28%         6
 Eringya's Noxious Bog    Alch           9%         4d6       58%         6
 Airstrike                Air            2%         2d(1-17)  71%         4
 Summon Blazeheart Golem  Fire/Summ      4%         N/A       71%         4
 Summon Lightning Spire   Summ/Air       4%         N/A       71%         4
 Sculpt Simulacrum        Ice/Alch       8%         N/A       77%         6
 Summon Forest            Summ/Tloc      2%         N/A       96%         5
 Plasma Beam              Fire/Air       2%         2x1d12    100%        6
 Summon Cactus Giant      Summ           2%         N/A       100%        6
 Haunt                    Necr/Summ      7%         N/A       100%        7
 Malign Gateway           Summ/Tloc      2%         N/A       100%        7
 Ozocubu's Refrigeration  Ice            7%         4d9       100%        7
 Summon Hydra             Summ           2%         N/A       100%        7
 Borgnjor's Revivificati  Necr           11%        N/A       100%        8
 Ignition                 Fire           2%         3d3       100%        8
 Summon Horrible Things   Summ           2%         N/A       100%        8
 Death's Door             Necr           11%        N/A       100%        9
 Dragon's Call            Summ           2%         N/A       100%        9


Dungeon Overview and Level Annotations

Branches:
Dungeon (15/15)            Temple (1/1) D:7            Lair (5/5) D:8
  Swamp (4/4) Lair:3       Spider (4/4) Lair:2        Slime (0/5) Lair:4
    Orc (2/2) D:12            Elf (3/3) Orc:2        Vaults (5/5) D:13
  Crypt (0/3) Vaults:2     Depths (4/4) D:15            Zot (5/5) Depths:4
Gauntlet (visited)

Altars:
Ashenzari
Cheibriados
Dithmenos
Elyvilon
Fedhas
Gozag
Hepliaklqana
Kikubaaqudgha
Makhleb
Nemelex Xobeh
Okawaru
Qazlal
Ru
Sif Muna
Trog
Uskayaw
Vehumet
Wu Jian
Xom
Yredelemnul
Zin
The Shining One
Beogh

Shops:
D:5 ?   D:8 *   D:10 *   Orc:2 ([((   Elf:2 [(?*(*   Elf:3 :   Vaults:4 [
Vaults:5 [!   Depths:3 **!*=

Portals:
Hell: Lair:5 Depths:1 Depths:2 Depths:3 Depths:4
Abyss: Depths:2 Depths:3 Depths:4
Pandemonium: Depths:2
Ziggurat: Depths:3
Trove: Depths:4 (give 4 scrolls of blinking)

Annotations:
Swamp:3 3 runed translucent doors, Zenkrye's ghost, adept HOFi
Elf:1 exclusion: 6 doors
Elf:2 exclusions: obsidian statue and orange crystal statue


Innate Abilities, Weirdness & Mutations

You are a swirling mass of dark shadows.
You are immune to unholy torment and to willpower attacks.
Damage taken is halved, but you are drained when taking damage.
Your attacks are insubstantial and do half damage.
You bleed smoke when taking damage.
You are invisible.
You are immune to poison.
Your spellcasting is less reliable in this form.
You are partially covered in large bone plates. (SH +4)
Your body sometimes deteriorates upon taking damage.
Potions are less effective at restoring your health.
You occasionally lose the ability to drink potions when taking damage.


Message History

Okay, then.
Unknown command.
Okay, then.
Really quaff
e - 10 potions of heal wounds {!q}?
Okay, then.
Unknown command.
Okay, then.
Unknown command.
Casting: Discord (dangerous; 10% risk of failure)
Confirm with . or Enter, or press ? or * to list all spells.
Okay, then.
Unknown command.
Unknown command.
Okay, then.
Unknown command.
Okay, then.
Blink to where?
Press: ? - help, Dir - move target
As you read the scroll of blinking, it crumbles to dust.
The Orb Guardian hits you!!
* * * LOW HITPOINT WARNING * * *
You emit a cloud of dark smoke.
You feel drained. The Orb Guardian misses you.
The Orb Guardian closely misses you. The Orb Guardian hits you!
* * * LOW HITPOINT WARNING * * *
You emit a cloud of dark smoke.
You feel drained. 17의 피해를 받았습니다. 현재 남은 체력은 [5/159] 입니다.
Okay, then.
Okay, then.
Unknown command.
Okay, then.
Okay, then.
Really quaff
e - 10 potions of heal wounds {!q}?
Your system partially rejects the healing.
You feel much better. The Orb Guardian hits you!
* * * LOW HITPOINT WARNING * * *
You emit a cloud of dark smoke.
You feel drained. The Orb Guardian closely misses you.
The Orb Guardian hits you!!
* * * LOW HITPOINT WARNING * * *
You emit a cloud of dark smoke.
You feel drained. The Orb Guardian hits you!
You die...

******* #▓▓▓▓▓▓▓▓▓▓ ,,****
▓▓▓▓.....^ ,,,,,*** ##▓...§§....
,,,,,,,** ##....§d§.... ,,,,,,,,*
▓▓▓▓▓▓▓▓* #.....p§§.§..
,,,,,,,,*▓▓.....§§▓▓▓......§§§§..
,,,,,,,,*▓......XX§▓▓§§....§§§§..
,,,,,,,,*......XXXX§▓§§.X.d..§§§.
,,,,,,,,,....X0XWX§§X§§......§.§.
,,,,,,,,*..^...X§§§§▓§........^..
,,,,,,,,*▓....^.§§§▓▓^........^..
,,,,,,,,*▓▓.......▓▓▓..........^.
,,,,,,,,* ▓▓▓▓▓▓▓▓▓ ▓............
,^,,,,,** ▓▓........... ,,,,,***
▓▓▓.......,, ,,**** *▓▓▓...,,,
*** *******


You could see 10 Orb Guardians.

Vanquished Creatures
  2 ancient liches
  A juggernaut (Depths:2)
  Mara (Swamp:3)
  Vv (Depths:2)
  Bai Suzhen (Swamp:3)
  The ghost of Dameikh the Hoplite, a veteran FoFi of Nemelex Xobeh (Depths:4)
  The ghost of Itruamit the Warrior, an adept DrSh of Okawaru (Depths:4)
  2 Killer Klowns (Zot:5)
  4 caustic shrikes
  7 golden dragons
  Nikola (Depths:2)
  the Enchantress (Depths:2)
  Arachne (Spider:4)
  10 tentacled monstrosities
  A hellephant (Vaults:5)
  6 Orb Guardians (Zot:5)
  Zenata (Elf:1)
  Rupert (Lair:5)
  A walking earthen tome (Depths:3)
  5 liches
  A deep elf blademaster (Elf:2)
  A deep elf master archer (Elf:3)
  A walking divine tome (Depths:4)
  4 titans (Vaults:5)
  7 sphinxes
  6 storm dragons
  7 tengu reavers
  2 death cobs (Zot:4)
  The ghost of Himmaryad the Brawler, an adept TrMo of Nemelex Xobeh (Depths:3)
  9 shadow dragons
  Aizul (Elf:1)
  3 thorn hunters
  Donald (Spider:4)
  9 fire giants
  2 draconian knights
  2 draconian monks (Zot:4)
  A protean progenitor (Zot:1)
  2 draconian shifters
  The ghost of frustrationSimulator the Metamorph, an adept OpSh of Gozag (Swamp:2)
  2 iron dragons (Vaults:5)
  8 deep elf sorcerers
  A rockslime (Zot:5)
  2 draconian scorchers
  8 frost giants
  21 vault wardens
  Louise (Swamp:1)
  5 emperor scorpions
  5 deep elf elementalists (Elf:3)
  5 ghost moths
  The ghost of Ofru the Brawler, a journeyman TrMo of Qazlal (D:13)
  2 orc warlords
  2 reapers
  4 balrugs
  7 spriggan defenders
  13 ironbound preservers
  4 broodmothers (Spider:4)
  The ghost of Estrea the Eviscerator, an adept FeBe of Trog (Spider:1)
  2 ghouls (Swamp:4)
  8 ironbound thunderhulks
  4 vampire knights
  24 very ugly things
  13 stone giants
  2 deep elf death magi (Elf:3)
  6 deep elf demonologists
  A dire elephant (Lair:5)
  4 white draconians
  A green draconian (Depths:4)
  3 black draconians
  3 purple draconians
  4 bunyips
  3 eleionomae
  17 spark wasps
  10 deep elf annihilators
  2 minotaurs
  2 red draconians
  16 ettins
  An eidolon (Vaults:2)
  A green death (Depths:2)
  The ghost of grimble31 the Grappler, a journeyman TrBe of Trog (Orc:2)
  5 fire dragons
  3 shambling mangroves
  20 yaktaur captains
  10 entropy weavers
  35 vault guards
  8 ice dragons
  6 deep elf high priests
  27 hydras
  5 rakshasas
  9 great orbs of eyes
  7 ironbound frosthearts
  A spriggan skeleton (Depths:1)
  13 two-headed ogres
  8 alligators
  7 centaur warriors
  3 jorogumos
  2 radroaches
  5 spriggan air magi
  5 ogre magi
  4 ghost crabs
  2 boulder beetles
  6 deep troll shamans
  4 demonic crawlers
  2 hell hogs
  A torpor snail (shapeshifter) (Vaults:5)
  2 tengu warriors
  4 death yaks (Lair:4)
  5 deep troll earth magi
  5 spriggan berserkers
  A shock serpent (shapeshifter) (Elf:3)
  Urug (D:12)
  3 occultists
  2 orc high priests (Orc:2)
  3 vampire magi
  4 sun demons (Depths:2)
  21 hell knights
  Sonja (D:10)
  15 deep elf knights
  3 skysharks
  A soul eater (Depths:2)
  A sixfirhy (Lair:5)
  28 spriggans
  2 iron trolls (Depths:3)
  2 salamander mystics
  9 pharaoh ants
  8 skeletal warriors
  8 goliath frogs
  A golden dragon zombie (Depths:2)
  A sun moth (Spider:2)
  9 arcanists
  3 glowing orange brains
  A sea snake (shapeshifter) (Depths:2)
  11 swamp dragons
  An obsidian statue (Depths:3)
  13 orb spiders
  8 lindwurms
  4 spriggan druids
  2 flayed ghosts (Vaults:5)
  A mana viper (shapeshifter) (Vaults:5)
  32 deep trolls
  12 deep elf archers
  9 bog bodies
  17 ironbound convokers
  An orange crystal statue (Vaults:3)
  A sun moth (shapeshifter) (Vaults:5)
  11 steelbarb worms
  5 necromancers
  3 phantasmal warriors
  5 orc sorcerers
  32 deep elf pyromancers
  A wolf spider (shapeshifter) (Vaults:5)
  A sphinx simulacrum (Depths:2)
  22 deep elf zephyrmancers
  47 ugly things
  A manticore (shapeshifter) (Vaults:5)
  7 orc knights
  3 cyclopes
  A frost giant zombie (Depths:2)
  15 wolf spiders
  2 death drakes (shapeshifter) (Vaults:5)
  2 manticores (D:13)
  16 meliai
  4 salamanders
  4 will-o-the-wisps
  9 moths of wrath
  6 black mambas
  8 kobold blastminers (Orc:2)
  An eye of devastation (shapeshifter) (Vaults:5)
  A centaur zombie (D:13)
  4 spectral centaurs (D:13)
  20 vault sentinels
  An iron dragon skeleton (Depths:1)
  A fire giant skeleton (Depths:2)
  3 elephants (Lair:2)
  7 torpor snails
  2 orange demons (Lair:5)
  A guardian serpent (Vaults:4)
  15 cane toads
  2 eyes of devastation (Vaults:4)
  An unseen horror (D:10)
  5 smoke demons
  2 gargoyles
  An efreet (D:13)
  A yaktaur (shapeshifter) (Spider:3)
  14 yaktaurs
  2 kobold demonologists
  3 freezing wraiths
  10 komodo dragons
  5 rime drakes
  A golden dragon simulacrum (Depths:2)
  A human skeleton (Vaults:4)
  A tengu conjurer (Depths:3)
  3 ice devils (Lair:5)
  A queen bee (Gauntlet)
  A red devil (Lair:5)
  8 trolls
  26 hornets
  16 tyrant leeches
  A merfolk (Zot:1)
  5 blink frogs
  3 merfolk (shapeshifter)
  A hellwing (Lair:5)
  34 tarantellas
  3 polar bears
  7 dream sheep
  A raiju (shapeshifter) (Elf:1)
  A wind drake (shapeshifter) (Vaults:5)
  A wolf spider simulacrum (D:14)
  29 jumping spiders
  A spectral meliai (D:13)
  3 centaur simulacra
  21 culicivoras
  A snapping turtle (shapeshifter) (Vaults:4)
  A shadow (D:11)
  39 slime creatures
  2 wraiths
  An air elemental (Elf:2)
  2 fire elementals
  A yak (shapeshifter) (Vaults:5)
  8 water elementals
  56 yaks
  3 fire bats (Orc:1)
  A vampire (D:11)
  5 wyverns
  3 basilisks
  A neqoxec (Gauntlet)
  2 steam dragons (D:6)
  3 wargs (Orc:2)
  61 redbacks
  A chaos spawn (Gauntlet)
  A redback simulacrum (Gauntlet)
  Menkaure (D:4)
  A harpy simulacrum (Gauntlet)
  20 vampire mosquitoes
  11 swamp worms
  21 dancing weapons
  2 acid dragons
  4 hell hounds (Lair:5)
  2 human zombies (Vaults:4)
  20 water moccasins
  42 orc warriors
  An ice beast (D:5)
  9 black bears
  9 swamp drakes
  17 ogres
  17 wolves
  3 centaurs
  2 kobold brigands
  Blork the orc (D:4)
  19 bullfrogs
  3 gnoll sergeants
  5 earth elementals
  12 scorpions
  8 wights (D:9)
  47 killer bees
  5 howler monkeys
  8 electric eels
  3 bombardier beetles (D:5)
  4 hounds
  2 gnoll boudas
  3 sleepcaps
  17 orc priests
  9 iguanas
  18 orc wizards
  7 hell rats
  21 gnolls
  8 adders
  A shadow imp (D:7)
  A white imp (D:6)
  2 ribbon worms
  5 dart slugs
  69 orcs
  13 ball pythons
  5 endoplasms
  4 giant cockroaches
  2 hobgoblins
  5 jackals
  5 quokkas
  4 bats
  4 frilled lizards
  3 goblins
  13 kobolds
  7 rats
1977 creatures vanquished.

Vanquished Creatures (collateral kills)
  2 ancient liches (Depths:4)
  Sojobo (Vaults:5)
  Margery (Vaults:5)
  A lich (Depths:4)
  An Orb Guardian (Zot:5)
  A quicksilver dragon (Zot:4)
  A titan (Vaults:5)
  A sphinx (Depths:3)
  A protean progenitor (Zot:1)
  2 draconian monks
  A shadow dragon (Vaults:5)
  A deep elf sorcerer (Vaults:5)
  5 draconian knights
  3 draconian shifters
  A vault warden (Vaults:5)
  6 draconian scorchers
  4 draconian stormcallers
  A draconian annihilator (Zot:5)
  3 very ugly things (Vaults:5)
  3 black draconians
  3 green draconians
  4 red draconians
  4 yellow draconians
  A white draconian (Zot:4)
  3 purple draconians
  A spark wasp (Depths:2)
  A quicksilver dragon zombie (Depths:1)
  3 deep elf high priests (Vaults:5)
  6 vault guards (Vaults:5)
  2 ogre magi (Vaults:5)
  A two-headed ogre (Vaults:5)
  A deep troll shaman (Depths:1)
  A dancing weapon (Elf:1)
  A tengu warrior (Depths:1)
  A hell hog (Depths:2)
  2 spriggan berserkers
  3 hell knights (Vaults:5)
  An iron troll (Depths:1)
  A deep troll (Depths:3)
  A pharaoh ant (Spider:4)
  An orb spider (Spider:4)
  A necromancer (Depths:1)
  4 ugly things
  A faun (shapeshifter) (Depths:2)
  A cyclops (D:11)
  4 moths of wrath (Zot:5)
  A tengu conjurer (Depths:2)
  A merfolk (Zot:1)
  A culicivora (Spider:4)
  4 ogres
  A gnoll (D:6)
  An orc (D:7)
  An aspiring flesh (Zot:1)
103 creatures vanquished.

Vanquished Creatures (others)
  4 caustic shrikes (Depths:4)
  3 Orb Guardians (Zot:5)
  A death cob (Zot:4)
  A tengu reaver (Vaults:5)
  A storm dragon (Zot:5)
  A draconian shifter (Zot:5)
  A vault warden (Vaults:5)
  A draconian monk (Zot:5)
  A draconian scorcher (Zot:4)
  A stone giant (Vaults:5)
  2 very ugly things (Depths:4)
  A war gargoyle (Vaults:5)
  A red draconian (Zot:2)
  An entropy weaver (Vaults:5)
  A vault guard (Vaults:5)
  An alligator (Swamp:3)
  2 deep troll earth magi
  A tengu warrior (Depths:1)
  2 hell hogs (Depths:2)
  A deep elf knight (Elf:1)
  An iron troll (Depths:1)
  A flayed ghost (Depths:2)
  An orb spider (Spider:4)
  A spriggan druid (Swamp:4)
  An ironbound convoker (Vaults:5)
  An arcanist (D:3)
  An ugly thing (Depths:4)
  A deep elf zephyrmancer (Elf:1)
  An orc knight (Vaults:2)
  2 meliai (Spider:4)
  A vault sentinel (Vaults:5)
  12 dancing weapons
  An ogre (Vaults:3)
  An orc (Orc:2)
  10 foxfires
  2 spectral weapons (Vaults:5)
66 creatures vanquished.

Grand Total: 2146 creatures vanquished

Notes
Turn   | Place    | Note
-------+----------+-------------------------------------------
     0 | D:1      | ww7 the Hill Orc Enchanter began the quest for the Orb.
     0 | D:1      | Reached XP level 1. HP: 14/14 MP: 3/3
   120 | D:1      | Reached skill level 1 in Fighting
   251 | D:1      | Reached XP level 2. HP: 20/24 MP: 4/4
   357 | D:1      | Reached skill level 1 in Shields
   878 | D:2      | Reached XP level 3. HP: 29/29 MP: 5/5
  1550 | D:3      | Learned a level 2 spell: Ensorcelled Hibernation
  1554 | D:3      | Learned a level 3 spell: Confusing Touch
  2340 | D:3      | Reached XP level 4. HP: 26/37 MP: 3/6
  2407 | D:3      | Found a bloodstained altar of Trog.
  2408 | D:3      | Noticed a wizard
  2414 | D:3      | Killed a wizard
  2816 | D:3      | Found a shimmering blue altar of Sif Muna.
  2976 | D:4      | Noticed a scorpion
  2989 | D:4      | Reached skill level 1 in Armour
  3002 | D:4      | Killed a scorpion
  3003 | D:4      | Reached XP level 5. HP: 23/42 MP: 4/7
  3089 | D:4      | Noticed Menkaure
  3419 | D:4      | Found an ornate altar of the Wu Jian Council.
  3710 | D:4      | Noticed Blork the orc
  3725 | D:4      | Gained mutation: You are somewhat resistant to further
                  | mutation. [potion of mutation]
  3735 | D:4      | Killed Blork the orc
  3736 | D:4      | Reached XP level 6. HP: 34/50 MP: 2/8
  3861 | D:4      | Learned a level 3 spell: Tukima's Dance
  3976 | D:5      | Entered Level 5 of the Dungeon
  4165 | D:5      | Reached skill level 4 in Hexes
  4870 | D:5      | Found Eneot's Magic Scroll Shop.
  4911 | D:5      | Bought a scroll of identify for 24 gold pieces
  4911 | D:5      | Bought a scroll of teleportation for 36 gold pieces
  4911 | D:5      | Bought a scroll of identify for 24 gold pieces
  4911 | D:5      | Bought a scroll of enchant armour for 90 gold pieces
  4911 | D:5      | Bought 3 scrolls of fear for 144 gold pieces
  5091 | D:5      | Reached XP level 7. HP: 35/56 MP: 3/9
  6529 | D:6      | Noticed a steam dragon
  6566 | D:6      | Identified the +7 short sword of the Foot {freeze, rF+ rC+
                  | MP+9}
  6579 | D:6      | Reached skill level 5 in Hexes
  6579 | D:6      | Reached XP level 8. HP: 62/62 MP: 8/10
  6668 | D:6      | Noticed a wyvern
  6797 | D:6      | Killed a wyvern
  6952 | D:5      | Reached skill level 5 in Stealth
  7206 | D:6      | Reached skill level 5 in Short Blades
  7465 | D:6      | Reached skill level 5 in Shields
  7465 | D:6      | Reached skill level 6 in Hexes
  7635 | D:6      | Reached XP level 9. HP: 68/68 MP: 11/11
  8286 | D:5      | Noticed a two-headed ogre
  8922 | D:7      | Noticed a hornet
  9004 | D:7      | Found a hazy altar of Hepliaklqana.
  9057 | D:7      | Killed a hornet
  9075 | D:7      | Found a staircase to the Ecumenical Temple.
  9083 | Temple   | Entered the Ecumenical Temple
  9104 | Temple   | Became a worshipper of Dithmenos the Shadowed
  9120 | D:7      | Learned a level 3 spell: Dazzling Flash
  9172 | D:7      | Reached skill level 7 in Hexes
  9349 | D:7      | Noticed a +0 dagger
  9349 | D:7      | Noticed a +0 short sword
  9349 | D:7      | Noticed a +0 falchion
  9350 | D:7      | Noticed a +0 spear
  9350 | D:7      | Noticed a +0 falchion
  9351 | D:7      | Noticed a +0 dagger
  9352 | D:7      | Noticed a +0 spear
  9664 | D:7      | Noticed a +0 short sword
  9669 | D:7      | Found a hide-covered altar of Uskayaw.
  9767 | D:7      | Found a basalt altar of Yredelemnul.
  9767 | D:7      | Found an iron altar of Okawaru.
  9819 | D:7      | Noticed a kobold demonologist
  9826 | D:7      | Killed a kobold demonologist
  9827 | D:7      | Reached XP level 10. HP: 74/74 MP: 12/12
 10123 | D:8      | Noticed a two-headed ogre
 10302 | D:8      | Killed a two-headed ogre
 10818 | D:8      | Reached skill level 8 in Hexes
 10908 | D:8      | Found a staircase to the Lair.
 10946 | D:8      | Found Quumuf's Assorted Antiques.
 10954 | D:8      | Bought a silver wand for 120 gold pieces
 10954 | D:8      | Bought a scroll of identify for 60 gold pieces
 10954 | D:8      | Bought a scroll of identify for 60 gold pieces
 11776 | D:4      | Killed Menkaure
 12067 | D:5      | Bought a scroll of immolation for 48 gold pieces
 12203 | D:5      | Reached * piety under Dithmenos
 12600 | D:9      | Reached XP level 11. HP: 66/81 MP: 16/16
 12613 | D:9      | Reached skill level 1 in Ice Magic
 12979 | D:9      | Identified the +7 shortbow "Defi" {heavy, Stlth+}
 13374 | D:10     | Entered Level 10 of the Dungeon
 13402 | D:10     | Noticed a two-headed ogre
 13423 | D:10     | Killed a two-headed ogre
 13542 | D:10     | Found a burning altar of Makhleb.
 13543 | D:10     | Found a white marble altar of Elyvilon.
 13543 | D:10     | Found a sparkling altar of Nemelex Xobeh.
 13544 | D:10     | Found an opulent altar of Gozag.
 13718 | D:10     | Noticed Sonja
 13726 | D:10     | Killed Sonja
 13727 | D:10     | Reached skill level 9 in Hexes
 14083 | D:10     | Found Ragaer's Assorted Antiques.
 14227 | D:10     | Found a sacrificial altar of Ru.
 14448 | D:11     | Noticed a cyclops
 14542 | D:11     | Killed a cyclops
 14659 | D:11     | Reached ** piety under Dithmenos
 15213 | Lair:1   | Entered Level 1 of the Lair of Beasts
 15303 | Lair:1   | Reached skill level 5 in Fighting
 15361 | Lair:1   | Reached *** piety under Dithmenos
 15472 | Lair:1   | Found a gate leading to a gauntlet.
 15491 | Gauntlet | Entered a Gauntlet
 15491 | Gauntlet | Noticed a fire crab
 15491 | Gauntlet | Found a transporter.
 15491 | Gauntlet | Found a transporter.
 15561 | Gauntlet | Found a transporter.
 15562 | Gauntlet | Found a transporter.
 15570 | Gauntlet | Found a transporter.
 15574 | Gauntlet | Found a transporter.
 15584 | Gauntlet | Found a transporter.
 15601 | Gauntlet | Found a transporter.
 15603 | Gauntlet | Noticed a green ugly thing
 15604 | Gauntlet | Noticed a brown ugly thing
 15613 | Gauntlet | Noticed a great orb of eyes
 15615 | Gauntlet | Found a transporter.
 15619 | Gauntlet | Found a transporter.
 15619 | Gauntlet | Noticed a spectral death yak
 15631 | Gauntlet | Found a transporter.
 15631 | Gauntlet | Found a transporter.
 15635 | Gauntlet | Noticed a death scarab
 15822 | Gauntlet | Reached XP level 12. HP: 94/94 MP: 17/17
 15929 | Gauntlet | Identified the ring of Qasesie {rF+ rC+ rN+ Str-2 Dex+3}
 15938 | Gauntlet | Noticed a minotaur
 15969 | Gauntlet | Killed a minotaur
 15985 | Gauntlet | Identified the staff of Dearej {rPois SInv Stlth+ Air
                  | Alchemy}
 15985 | Gauntlet | Identified the ring "Vaarecuz" {Fire *Slow rElec Int+2
                  | Dex+3}
 15985 | Gauntlet | Identified the staff "Itirch" {rF+ Int+2 Fire}
 15986 | Gauntlet | Got Joliweg's Vademecum on the Charnel Scorpion
 16337 | Lair:1   | Reached skill level 10 in Hexes
 16866 | Lair:1   | Reached **** piety under Dithmenos
 17208 | Lair:2   | Found a bloodstained altar of Trog.
 17217 | Lair:2   | Reached skill level 5 in Ice Magic
 17335 | Lair:2   | Reached skill level 10 in Short Blades
 17425 | Lair:2   | Noticed a skyshark
 17440 | Lair:2   | Killed a skyshark
 17510 | Lair:2   | Found a hole to the Spider Nest.
 17954 | Lair:2   | Noticed a four-headed hydra
 17963 | Lair:2   | Killed a four-headed hydra
 18346 | Lair:3   | Reached XP level 13. HP: 107/107 MP: 19/19
 18371 | Lair:3   | Reached skill level 10 in Stealth
 18542 | Lair:3   | Reached skill level 1 in Invocations
 18613 | Lair:3   | Reached skill level 11 in Hexes
 19386 | Lair:3   | Found a staircase to the Swamp.
 19400 | Lair:3   | Reached skill level 5 in Spellcasting
 19605 | Lair:4   | Found a staircase to the Slime Pits.
 19991 | Lair:4   | Reached ***** piety under Dithmenos
 20147 | Lair:4   | Reached skill level 5 in Invocations
 20617 | Lair:5   | Entered Level 5 of the Lair of Beasts
 20849 | Lair:5   | Noticed a dire elephant
 20899 | Lair:5   | Reached XP level 14. HP: 103/115 MP: 23/23
 20906 | Lair:5   | Reached skill level 12 in Hexes
 21292 | Lair:5   | Identified the +3 robe of a volcano {rF+ Will- Str+4}
 21619 | Lair:5   | Noticed Rupert
 21625 | Lair:5   | Killed a dire elephant
 22141 | Lair:5   | Learned a level 7 spell: Enfeeble
 22370 | Lair:5   | Killed Rupert
 22795 | Lair:5   | Found a burning altar of Makhleb.
 22801 | Lair:5   | Found a gateway to Hell.
 23118 | D:12     | Found a staircase to the Orcish Mines.
 23500 | D:12     | Noticed Urug
 23582 | D:12     | Killed Urug
 24275 | D:13     | Reached ****** piety under Dithmenos
 24313 | D:13     | Reached XP level 15. HP: 114/121 MP: 25/25
 24374 | D:13     | Found a runed translucent gate.
 24374 | D:13     | Found a runed translucent gate.
 24374 | D:13     | Found a runed translucent gate.
 24377 | D:13     | Noticed Ofru's ghost (journeyman TrMo)
 24598 | D:13     | Reached skill level 13 in Hexes
 24602 | D:13     | Reached skill level 1 in Evocations
 24971 | D:13     | Found a gate to the Vaults.
 25322 | D:14     | Reached skill level 10 in Invocations
 26239 | D:14     | Identified a scroll of acquirement
 26239 | D:14     | Acquired the +5 pair of gloves of Zaotid {+Inv Int-4 Dex+4
                  | SInv}
 26491 | D:14     | Found a white marble altar of Elyvilon.
 26575 | D:15     | Entered Level 15 of the Dungeon
 27278 | D:15     | Reached skill level 1 in Throwing
 27318 | D:15     | Found a staircase to the Depths.
 27570 | Orc:1    | Entered Level 1 of the Orcish Mines
 27923 | Orc:2    | Entered Level 2 of the Orcish Mines
 27948 | Orc:2    | Found a roughly hewn altar of Beogh.
 28008 | Orc:2    | Found Dosinoh's Weapon Shop.
 28120 | Orc:2    | Found a roughly hewn altar of Beogh.
 28137 | Orc:2    | Reached XP level 16. HP: 117/128 MP: 24/26
 28137 | Orc:2    | Found Qaryps's Weapon Boutique.
 28356 | Orc:1    | Reached skill level 14 in Hexes
 28866 | Orc:2    | Found a runed translucent door.
 28867 | Orc:2    | Noticed grimble31's ghost (journeyman TrBe)
 28877 | Orc:2    | Killed grimble31's ghost
 28882 | Orc:2    | Identified the +10 dagger of Premature Burial {venom,
                  | Str+4}
 28933 | Orc:2    | Found a roughly hewn altar of Beogh.
 28950 | Orc:2    | Found a roughly hewn altar of Beogh.
 29095 | Orc:2    | Found a staircase to the Elven Halls.
 29509 | Orc:2    | Found Geonnahue's Antique Weapon Boutique.
 29509 | Orc:2    | Found a roughly hewn altar of Beogh.
 29536 | Orc:2    | Found Azadyu's Antique Armour Shop.
 29551 | Orc:2    | Bought a runed helmet for 247 gold pieces
 29554 | Orc:2    | Bought a bloodstained leather armour for 231 gold pieces
 29554 | Orc:2    | Identified the +1 leather armour of the Final Realms
                  | {rPois} (You bought it in a shop on level 2 of the Orcish
                  | Mines)
 29581 | Orc:2    | Found a roughly hewn altar of Beogh.
 29653 | Elf:1    | Entered Level 1 of the Elven Halls
 29712 | Elf:1    | Identified the serpent talisman "Icioron" {rC+ Int+3 Dex-2
                  | SInv}
 29712 | Elf:1    | Noticed Aizul
 29733 | Elf:1    | Killed Aizul
 30168 | Elf:1    | Noticed Zenata
 30500 | Spider:1 | Entered Level 1 of the Spider Nest
 30502 | Spider:1 | Reached skill level 15 in Hexes
 31198 | Spider:1 | Reached XP level 17. HP: 134/134 MP: 24/27
 31307 | Spider:1 | Reached skill level 5 in Evocations
 31488 | Spider:1 | Found a runed translucent door.
 31489 | Spider:1 | Noticed Estrea's ghost (adept FeBe)
 31811 | Spider:1 | Identified the +0 barding of Beauty {^Drain Str+4 Stlth+}
 31812 | Spider:1 | Killed Estrea's ghost
 32430 | Spider:2 | Reached skill level 16 in Hexes
 33902 | Spider:4 | Entered Level 4 of the Spider Nest
 34481 | Spider:4 | Noticed Donald
 34498 | Spider:4 | Killed Donald
 34502 | Spider:4 | Reached XP level 18. HP: 125/141 MP: 17/28
 34595 | Spider:4 | Reached skill level 17 in Hexes
 35349 | Spider:4 | Reached XP level 19. HP: 148/148 MP: 29/29
 35533 | Spider:4 | Got a gossamer rune of Zot
 35700 | Spider:4 | Noticed Arachne
 35716 | Spider:4 | Killed Arachne
 35956 | Swamp:1  | Entered Level 1 of the Swamp
 36161 | Swamp:1  | Reached skill level 18 in Hexes
 36215 | Swamp:1  | Reached skill level 5 in Dodging
 36473 | Swamp:1  | Noticed Louise
 36481 | Swamp:1  | Killed Louise
 36547 | Swamp:1  | Found a hide-covered altar of Uskayaw.
 36717 | Swamp:2  | Found a transporter.
 36879 | Swamp:2  | Noticed frustrationSimulator's ghost (adept OpSh)
 36905 | Swamp:2  | Found a transporter.
 37005 | Swamp:2  | Reached skill level 15 in Stealth
 37149 | Swamp:2  | Killed frustrationSimulator's ghost
 37204 | Swamp:2  | Identified the ring "Faoshair" {rF+ rC- Str+2 Int+3 Dex+2}
 37221 | Swamp:2  | Learned a level 5 spell: Metabolic Englaciation
 37225 | Swamp:2  | Learned a level 3 spell: Passwall
 37351 | Swamp:3  | Found a runed translucent gate.
 37351 | Swamp:3  | Found a runed translucent gate.
 37352 | Swamp:3  | Noticed a tentacled monstrosity
 37425 | Swamp:3  | Noticed Mara
 37429 | Swamp:3  | Killed Mara
 37430 | Swamp:3  | Reached skill level 1 in Earth Magic
 37725 | Swamp:3  | Identified the blade talisman of Wasted Space {rCorr}
 37757 | Swamp:3  | Found a runed translucent gate.
 37763 | Swamp:3  | Noticed Zenkrye's ghost (adept HOFi)
 37823 | Swamp:3  | Reached XP level 20. HP: 155/155 MP: 20/30
 37914 | Swamp:3  | Paralysed by a hornet for 1 turns
 38124 | Swamp:3  | Noticed Bai Suzhen
 38129 | Swamp:3  | Killed Bai Suzhen
 38377 | Swamp:4  | Entered Level 4 of the Swamp
 39047 | Swamp:4  | Reached skill level 10 in Evocations
 39077 | Swamp:4  | Got a decaying rune of Zot
 39295 | Swamp:4  | Reached skill level 1 in Conjurations
 40226 | D:8      | Bought a potion of mutation for 240 gold pieces
 40335 | D:10     | Bought a potion of cancellation for 256 gold pieces
 40335 | D:10     | Bought a scroll of vulnerability for 128 gold pieces
 40335 | D:10     | Bought a scroll of immolation for 128 gold pieces
 40335 | D:10     | Bought a potion of curing for 96 gold pieces
 40470 | Elf:1    | Reached skill level 19 in Hexes
 40647 | Vaults:1 | Entered Level 1 of the Vaults
 40649 | Vaults:1 | Reached skill level 5 in Earth Magic
 42099 | Vaults:1 | Reached skill level 5 in Conjurations
 42406 | Vaults:2 | Found a staircase to the Crypt.
 42588 | Vaults:2 | Identified the +8 halberd "Anaotidgh" {drain, rPois}
 42671 | Vaults:2 | Reached XP level 21. HP: 148/151 MP: 31/31
 42917 | Vaults:2 | Got the Almanac of Tephra and Cinders
 42923 | Vaults:2 | Identified the ring "Neannaan" {AC+4 Stlth+}
 42930 | Vaults:2 | Identified the ring of Xom's Approval {Wiz Dex+2}
 44305 | Vaults:2 | Identified the +5 pair of boots "Jeen" {Rampage ^Drain
                  | rPois Will+++}
 44345 | Vaults:2 | Learned a level 5 spell: Borgnjor's Vile Clutch
 44354 | Vaults:2 | Learned a level 5 spell: Lee's Rapid Deconstruction
 45369 | Vaults:3 | Gained mutation: You do not regenerate when monsters are
                  | visible. [mutagenic glow]
 45383 | Vaults:3 | Gained mutation: You are vulnerable to cold. (rC-)
                  | [mutagenic glow]
 45384 | Vaults:3 | Lost mutation: You are somewhat resistant to further
                  | mutation. [potion of mutation]
 45384 | Vaults:3 | Lost mutation: You are vulnerable to cold. (rC-) [potion of
                  | mutation]
 45384 | Vaults:3 | Lost mutation: You do not regenerate when monsters are
                  | visible. [potion of mutation]
 45384 | Vaults:3 | Gained mutation: You occasionally lose the ability to read
                  | scrolls when taking damage. [potion of mutation]
 45384 | Vaults:3 | Gained mutation: Your movements are slightly less
                  | encumbered by armour. (ER -2) [potion of mutation]
 45384 | Vaults:3 | Gained mutation: Your spells are a little easier to cast,
                  | but a little less powerful. [potion of mutation]
 45398 | Vaults:3 | Gained mutation: You occasionally lose the ability to drink
                  | potions when taking damage. [mutagenic glow]
 46004 | Vaults:4 | Reached skill level 1 in Necromancy
 46255 | Vaults:4 | Found Acrel's Armour Emporium.
 46351 | Vaults:4 | Reached skill level 10 in Conjurations
 46351 | Vaults:4 | Reached XP level 22. HP: 163/163 MP: 33/33
 46491 | Vaults:4 | Identified the +6 arbalest of Monearub {heavy, ^Drain Will+
                  | Str+2 Dex+5}
 46498 | Vaults:4 | Identified the +6 short sword "Ybbaumirch" {vamp, rN+++
                  | Dex-4}
 46598 | Vaults:4 | Identified the +1 dagger of Sequestration {drain, Fly
                  | rElec}
 46645 | Vaults:4 | Reached skill level 5 in Necromancy
 47114 | Vaults:4 | Learned a level 5 spell: Irradiate
 47121 | Vaults:4 | Learned a level 6 spell: Bombard
 47665 | D:13     | Killed Ofru's ghost
 48006 | Elf:1    | Killed Zenata
 48009 | Elf:1    | Got the Thoughts on Damage
 48506 | Elf:2    | Acquired a +2 quick blade of flaming
 48522 | Elf:2    | Lost mutation: Your movements are slightly less encumbered
                  | by armour. (ER -2) [potion of mutation]
 48522 | Elf:2    | Lost mutation: Your spells are a little easier to cast, but
                  | a little less powerful. [potion of mutation]
 48522 | Elf:2    | Lost mutation: You occasionally lose the ability to read
                  | scrolls when taking damage. [potion of mutation]
 48522 | Elf:2    | Gained mutation: Potions are less effective at restoring
                  | your health. [potion of mutation]
 48522 | Elf:2    | Gained mutation: You are partially covered in large bone
                  | plates. (SH +4) [potion of mutation]
 48522 | Elf:2    | Gained mutation: Your body sometimes deteriorates upon
                  | taking damage. [potion of mutation]
 48548 | Elf:2    | Found Uvyrul's Weapon Shop.
 48602 | Elf:2    | Found Piuc's Magic Scroll Shoppe.
 48602 | Elf:2    | Found Ygineupe's Weapon Emporium.
 48957 | Elf:2    | Bought a scroll of vulnerability for 60 gold pieces
 48957 | Elf:2    | Bought a scroll of teleportation for 45 gold pieces
 48957 | Elf:2    | Bought a scroll of enchant weapon for 112 gold pieces
 48957 | Elf:2    | Bought a scroll of summoning for 142 gold pieces
 48957 | Elf:2    | Bought a scroll of fear for 60 gold pieces
 48957 | Elf:2    | Bought a scroll of vulnerability for 60 gold pieces
 48989 | Elf:2    | Found Qatt's Antique Armour Boutique.
 48997 | Elf:2    | Bought a bloodstained ring mail for 288 gold pieces
 48997 | Elf:2    | Identified the +1 ring mail of the Snake Pit {rPois} (You
                  | bought it in a shop on level 2 of the Elven Halls)
 49033 | Elf:2    | Found a shimmering blue altar of Sif Muna.
 49407 | Elf:2    | Found a runed translucent gate.
 49407 | Elf:2    | Found a runed translucent gate.
 49407 | Elf:2    | Found a runed translucent gate.
 49667 | Elf:2    | Found Ymul Okk's Assorted Antiques.
 49719 | Elf:2    | Bought a potion of heal wounds for 135 gold pieces
 49719 | Elf:2    | Bought a scroll of teleportation for 81 gold pieces
 49719 | Elf:2    | Bought ancient swamp dragon scales for 1485 gold pieces
 49719 | Elf:2    | Identified the +6 swamp dragon scales of Unor {rPois rC+}
                  | (You bought it in a shop on level 2 of the Elven Halls)
 49766 | Elf:2    | Found Vuyvi's General Store.
 49870 | Elf:3    | Entered Level 3 of the Elven Halls
 50191 | Elf:3    | Reached XP level 23. HP: 174/174 MP: 33/35
 50194 | Elf:3    | Identified the ring of Modesty {rPois rC- Will++ Int+4}
 50211 | Elf:3    | Reached skill level 10 in Earth Magic
 50213 | Elf:3    | Identified the +1 scale mail of the Apprentice {rPois Int+2
                  | Dex-2 SInv}
 50566 | Elf:3    | Found Faraoff's Book Boutique.
 50881 | Elf:3    | Identified the +0 scale mail of Fanaticism {Dex+3}
 51442 | Depths:1 | Entered Level 1 of the Depths
 53143 | Depths:1 | Noticed a caustic shrike
 53251 | Depths:1 | Killed a caustic shrike
 53564 | Depths:1 | Found a faded altar of an unknown god.
 53564 | Depths:1 | Found a hazy altar of Hepliaklqana.
 54132 | Depths:2 | Noticed Nikola
 54136 | Depths:2 | Killed Nikola
 54218 | Depths:2 | Noticed a caustic shrike
 54391 | Depths:2 | Killed a caustic shrike
 54395 | Depths:2 | Identified the ring "Ziasu" {rPois SInv}
 54395 | Depths:2 | Noticed a juggernaut
 54395 | Depths:2 | Found the +4 skin of Zhor {*Englaciate rC+++ SInv}
 54398 | Depths:2 | Identified the +0 spear of Moage {drain, rN+}
 54401 | Depths:2 | Killed a juggernaut
 54430 | Depths:2 | Identified the ring of the Manifold Souls {Int+3 SInv}
 54775 | Depths:2 | Noticed the Enchantress
 54784 | Depths:2 | Killed the Enchantress
 54785 | Depths:2 | Noticed Vv
 54845 | Depths:2 | Killed Vv
 55054 | Depths:2 | Reached XP level 24. HP: 165/182 MP: 31/36
 55780 | Depths:2 | Found a one-way gate leading to the halls of Pandemonium.
 55937 | Depths:2 | Found a one-way gate to the infinite horrors of the Abyss.
 55989 | Depths:3 | Found Effett's Distillery.
 55989 | Depths:3 | Found Gefulug's General Store.
 56004 | Depths:3 | Found Foator's Jewellery Shop.
 56027 | Depths:3 | Noticed a caustic shrike
 56045 | Depths:2 | Killed a caustic shrike
 56115 | Depths:3 | Found a one-way gateway to a ziggurat.
 56371 | Depths:3 | Reached skill level 15 in Conjurations
 56598 | Depths:3 | Bought a potion of heal wounds for 90 gold pieces
 56598 | Depths:3 | Bought a potion of heal wounds for 90 gold pieces
 56598 | Depths:3 | Bought a potion of heal wounds for 90 gold pieces
 56598 | Depths:3 | Bought a potion of curing for 54 gold pieces
 56609 | Depths:3 | Bought a potion of heal wounds for 95 gold pieces
 56711 | Depths:3 | Noticed Himmaryad's ghost (adept TrMo)
 56711 | Depths:3 | Found a runed translucent gate.
 56712 | Depths:3 | Found a runed translucent gate.
 56713 | Depths:3 | Found a runed translucent gate.
 56987 | Depths:3 | Found an ancient bone altar of Kikubaaqudgha.
 57324 | Depths:3 | Found an opulent altar of Gozag.
 57326 | Depths:3 | Found Pipsib's Assorted Antiques.
 57327 | Depths:3 | Found Oblen Uliz's Assorted Antiques.
 57411 | Depths:3 | Killed Himmaryad's ghost
 57438 | Depths:3 | Bought a potion of haste for 350 gold pieces
 57438 | Depths:3 | Bought a scroll of teleportation for 105 gold pieces
 57443 | Depths:3 | Bought a potion of heal wounds for 205 gold pieces
 57654 | Depths:4 | Entered Level 4 of the Depths
 57735 | Depths:4 | Found a gate to the Realm of Zot.
 57805 | Depths:4 | Reached skill level 1 in Alchemy
 58016 | Depths:4 | Found a shadowy altar of Dithmenos.
 58254 | Depths:4 | Found a runed translucent gate.
 58271 | Depths:4 | Draconianmaid: 오.....
 58271 | Depths:4 | Draconianmaid: 크......
 58271 | Depths:4 | ww7: zzz
 58274 | Depths:4 | Draconianmaid: 한국인들은 산드워프의 등장이 두렵습니까?
 58286 | Depths:4 | Noticed an ancient lich
 58287 | Depths:4 | Noticed Dameikh's ghost (veteran FoFi)
 58426 | Depths:4 | Noticed an ancient lich
 58427 | Depths:4 | Found a runed translucent gate.
 58427 | Depths:4 | Found an ancient bone altar of Kikubaaqudgha.
 58427 | Depths:4 | Noticed Itruamit's ghost (adept DrSh)
 58428 | Depths:4 | Found a runed translucent gate.
 58466 | Depths:4 | Found a portal to a secret trove of treasure.
 58500 | Depths:4 | Draconianmaid: 투표 하셧읍니가
 58505 | Depths:4 | ww7: 애들이랑 갔다옴
 58505 | Depths:4 | ww7: 아침에 ㅋㅋ
 58555 | Depths:4 | Noticed a caustic shrike
 58556 | Depths:4 | Noticed a caustic shrike
 58557 | Depths:4 | Noticed a caustic shrike
 58557 | Depths:4 | Noticed a caustic shrike
 58561 | Depths:4 | Noticed a caustic shrike
 58575 | Depths:4 | Killed a caustic shrike
 58576 | Depths:4 | Reached XP level 25. HP: 188/188 MP: 23/36
 58801 | Depths:4 | Draconianmaid: 돌죽하고싶은데
 58803 | Depths:4 | Draconianmaid: 몸이 너무 않좋음
 58848 | Depths:4 | ww7: 원래 관전이 젤 잼슴
 58848 | Depths:4 | Draconianmaid: 하던거 빨리 깨고
 58848 | Depths:4 | Draconianmaid: 개꿀잼 조합
 58849 | Depths:4 | Draconianmaid: 해야대는데...
 58849 | Depths:4 | Draconianmaid: 후우....
 58973 | Depths:4 | Killed an ancient lich
 58983 | Depths:4 | Killed an ancient lich
 59021 | Depths:4 | Killed Dameikh's ghost
 59038 | Depths:4 | Killed Itruamit's ghost
 59053 | Depths:4 | Identified the +1 cloak "Put-Me-On" {SInv}
 59056 | Depths:4 | Identified the amulet of Wibib {Spirit Rampage *Corrode
                  | ^Drain Will++ Str+2}
 59070 | Depths:4 | Identified the +4 shortbow "Eqee" {freeze, rPois Str-2
                  | Int+2}
 59473 | Vaults:5 | Entered Level 5 of the Vaults
 59484 | Vaults:5 | Reached skill level 15 in Earth Magic
 59735 | Vaults:5 | Noticed Sojobo
 59751 | Vaults:5 | Killed Sojobo
 59842 | Vaults:5 | Identified the +8 kite shield of the Pink Corner {rPois
                  | Will- MP+9 Str+4}
 59855 | Vaults:5 | Learned a level 8 spell: Discord
 60069 | Vaults:5 | Noticed an ancient lich
 60082 | Vaults:5 | Killed an ancient lich
 60199 | Vaults:5 | Identified the +8 short sword of Salt {spect, rElec Int+4
                  | Dex-2}
 60332 | Vaults:5 | Reached skill level 5 in Alchemy
 60455 | Vaults:5 | Reached skill level 20 in Hexes
 60476 | Vaults:5 | Identified the +10 quarterstaff "Uruhel" {freeze, Str+5}
 60608 | Vaults:5 | Got a silver rune of Zot
 60661 | Vaults:5 | Reached XP level 26. HP: 144/202 MP: 18/36
 60741 | Vaults:5 | Reached skill level 10 in Fighting
 60965 | Vaults:5 | Found Xohiqar's Distillery.
 61010 | Vaults:5 | Bought a potion of attraction for 42 gold pieces
 61010 | Vaults:5 | Bought 2 potions of invisibility for 224 gold pieces
 61010 | Vaults:5 | Bought a potion of invisibility for 112 gold pieces
 61010 | Vaults:5 | Bought a potion of attraction for 42 gold pieces
 61071 | Vaults:5 | Noticed Margery
 61085 | Vaults:5 | Killed Margery
 61261 | Vaults:5 | Found Esec's Antique Armour Shoppe.
 61726 | Vaults:5 | Bought an embroidered scarf for 288 gold pieces
 62540 | Zot:1    | Entered Level 1 of the Realm of Zot
 62995 | Zot:4    | Noticed an orb of fire
 63093 | Zot:4    | Reached skill level 21 in Hexes
 63199 | Zot:5    | Entered Level 5 of the Realm of Zot
 63488 | Zot:5    | Got a prismatic gem with 116 turns to spare
 63663 | Zot:5    | Noticed an ancient lich
 63687 | Zot:5    | Killed an ancient lich
 63947 | Zot:5    | Noticed a Killer Klown
 63977 | Zot:5    | a Killer Klown changed into a rockslime
 64008 | Zot:5    | Noticed a Killer Klown
 64016 | Zot:5    | Noticed a Killer Klown
 64031 | Zot:5    | Killed a Killer Klown
 64040 | Zot:5    | Killed a Killer Klown
 64041 | Zot:5    | Reached XP level 27. HP: 155/215 MP: 15/36
 64069 | Zot:5    | Noticed an orb of fire
 64091 | Zot:5    | HP: 8/166 [Orb Guardian (15)]
 64092 | Zot:5    | HP: 2/156 [Orb Guardian (12)]
 64092 | Zot:5    | Slain by an Orb Guardian

Illustrated notes

Levels and vault maps discovered:
D:1:      psy_arrival_basics, layout_loops_ring
D:2:      layout_rooms
D:3:      layout_basic, trog_wizard, nicolae_sif_muna_little_library
D:4:      layout_loops_ring, lemuel_coloured_pillars_altar, uniq_menkaure,
          uniq_blork_the_orc
D:5:      kennysheep_windowed_halls, layout_loops_ring, serial_shops, shop
D:6:      layout_basic
D:7:      layout_cave_pools, nicolae_uskayaw_en_pointe,
          mainiacjoe_overflow_tiny_flanked, gammafunk_temple_overflow_elements,
          minmay_temple_entry_purple_smoke, serial_library_regret_index_multi,
          kennysheep_generic_room_6
D:8:      layout_basic, due_lair_maze_entry_diamond, serial_shops,
          nicolae_shop_waterfront
D:9:      layout_loops_ring
D:10:     layout_irregular_city, chequers_temple_overflow_statue_of_worship,
          nicolae_ru_great_annihilating_truth, serial_shops,
          nicolae_shop_real_fake_doors, uniq_sonja
D:11:     layout_rooms
D:12:     layout_roguey, orc_david_3, uniq_urug
D:13:     layout_basic, david_vaults_1, gammafunk_ghost_necromancy
D:14:     layout_basic, kennysheep_cluttered_room, serial_bayou_lagoon_a,
          nicolae_elyvilon_temple_path
D:15:     gammafunk_enter_depths_forms, layout_irregular_city,
          serial_bayou_pond_e, hangedman_abyss_or_decor_passed
Temple:   eino_wide_crystal_templ
Lair:1:   wad_woods_minihive, layout_cave_pods, gauntlet_entry_generic,
          beast_lair_carwin_9, serial_bayou_shore_a
Lair:2:   layout_roguey, nicolae_spider_entry_lesser_pyramids, basic_altar,
          gammafunk_lair_bear_cave, grunt_megastairs_5
Lair:3:   layout_cave_pods, mainiacjoe_swamp_entry_lozenge_pond,
          grunt_megastairs_3, infiniplex_staircase_pool, lemuel_fruit_fields
Lair:4:   beast_lair_carwin_large_1, layout_cave_shapes, slime_entry_1
Lair:5:   evil_forest, layout_cave_pods, serial_bayou, serial_bayou_shore_b,
          serial_bayou_pond_b, serial_bayou_pond_b, serial_bayou_ford_a,
          serial_bayou_lake_a, uniq_rupert
Swamp:1:  layout_basic_swamp, basic_altar, swamp_pool_4,
          nicolae_swamp_alligator_family, uniq_louise
Swamp:2:  layout_basic_swamp, gammafunk_ghost_berserking_beasts,
          nicolae_swamp_well_well_well
Swamp:3:  layout_basic_swamp, gammafunk_ghost_split, serial_swamp_ruin,
          evilmike_swamp_ruin_house_1, hangedman_swamp_ruin_wall,
          evilmike_swamp_ruin_rubble_2, uniq_mara, uniq_bai_suzhen
Swamp:4:  swamp_basic_johnstein, layout_basic_swamp, swamp_pool_4,
          hangedman_swamp_cone, nicolae_swamp_rocky_clearing,
          nicolae_swamp_spriggan_camp
Spider:1: layout_cave_pods, ebering_ghost_inner_flame,
          hangedman_spider_tarantella_strand
Spider:2: layout_spider_delve
Spider:3: layout_spider_delve, hellmonk_deceptive_appearances
Spider:4: hellmonk_spider_rune_endless_swarm, nicolae_spider_paper_wasps,
          uniq_arachne, uniq_donald
Orc:1:    layout_caves, nicolae_volcano_entry_batcave
Orc:2:    grunt_orc_community_town_hall, layout_diamond_mine,
          grunt_orc_community_big_house_1, grunt_orc_community_big_house_2,
          grunt_orc_community_house_1, grunt_orc_community_house_1,
          grunt_orc_community_house_2, grunt_orc_community_house_2,
          grunt_orc_community_house_3, gammafunk_ghost_grave
Elf:1:    minmay_elf_arrival_plus, layout_gridlike, minmay_elf_annihilation,
          uniq_zenata, uniq_aizul
Elf:2:    elven_hall_of_blades_hangedman_original
          [nicolae_blade_entry_area_security], layout_geoelf_diagonals,
          basic_altar, serial_shops, nicolae_shop_tiny_waterfront,
          shop_fountains, shop, shop, amcnicky_mini_corridor_feature,
          david_greed, minmay_shoptagon
Elf:3:    minmay_elf_hall_curves, layout_loops_cross, serial_shops, shop,
          minivault_27, small_chamber_with_monster,
          nicolae_elf_glass_and_crystal_pillar_1
Vaults:1: v_misc_23, nicolae_vaults_tetromino_L_2, ontoclasm_vaults_hangar,
          grunt_vaults_bifocal, layout_vaults_omnigrid
Vaults:2: vaults_mumra_hexcomb, hangedman_vaults_stream, v_rooms_5,
          nicolae_vaults_tangram_1, nicolae_vaults_museum,
          minmay_crypt_entry_simple_corners, hangedman_vaults_variations,
          nicolae_vaults_trapezoid_1, nicolae_vaults_specimen_jars,
          nicolae_vaults_heist, vaults_dpeg_hooks,
          nicolae_vaults_little_squares_3, layout_vaults_maze_snakey
Vaults:3: mu_enter_wizlab_6, dpeg_vaults_monster_row,
          nicolae_vaults_border_crossing, v_misc_24, hangedman_vaults_locks,
          nicolae_vaults_three_branches, nicolae_vaults_trapezoid_3,
          vaults_dpeg_emergency_exit, nicolae_vaults_door_testing_chamber,
          nicolae_vaults_statue_guard, nicolae_vaults_trapezoid_4,
          nicolae_vaults_little_squares_2, layout_vaults_big_cross
Vaults:4: st_greater_box_2, nicolae_vaults_oval_intersection, v_misc_15,
          nicolae_vaults_taking_the_gang_shopping,
          nicolae_vaults_ellipses_ellipsis, nicolae_vaults_storage_closets_3,
          ontoclasm_vaults_eye, vaults_mumra_lcd,
          nicolae_vaults_mini_display_case, nicolae_vaults_trapezoid_1,
          v_pattern_1, layout_vaults_omnibox
Vaults:5: serial_shops, uniq_sojobo, uniq_margery
Depths:1: layout_gridlike, pf_dread_powers_of_hell,
          beargit_hepliaklqana_dungeon_heroes, kennysheep_random_hallway,
          serial_bayou_shore_b
Depths:2: minmay_the_grid_triangle_9x9_rhombus_thin_mashed
          [minmay_the_grid_triangle_9x9_warning,
          minmay_the_grid_triangle_9x9_prize_schism,
          minmay_the_grid_triangle_9x9_minimal,
          minmay_the_grid_triangle_9x9_dagger], layout_gridlike, hellmouth_3,
          abyss_entry, grunt_pan_entry_in_and_out, uniq_vv, uniq_enchantress,
          uniq_nikola
Depths:3: minmay_outward_triangles, layout_gridville, enter_ziggurat_d,
          abyss_entry, ebering_ghost_gozag, hellmouth_1,
          kiku_gazebo_pond_becter, grunt_decor_arrowhead, minmay_shop_star,
          infiniplex_staircase_spiral
Depths:4: grunt_zot_entry_hairpin, layout_cave_shapes, abyss_entry,
          nicolae_trove_entry_crossroad, hell_entry, nicolae_zig_zag_zippers,
          gammafunk_ghost_crypt, nicolae_dithmenos_the_darkroom, uniq_jory
Zot:1:    dreamdust_black_sun_cult, layout_basic
Zot:2:    layout_gridlike, uniq_grunn
Zot:3:    grunt_twist_and_shout, layout_concentric_octagons,
          regret_index_zotdec_bone_old
Zot:4:    layout_basic, hangedman_elemental_grid_stream
Zot:5:    layout_cathedral_of_symmetry

Skill      XL: |  1  2  3  4  5  6  7  8  9 10 11 12 13 14 15 16 17 18 19 20 21 22 23 24 25 26 |
---------------+-------------------------------------------------------------------------------+-----
Fighting       | 1 2 5 8 9 11 | 11.9
Shields        | 1 2 3 5 6 |  6.9
Armour         | 1 2 |  2.8
Short Blades   | 2 3 4 5 6 8 9 10 11 12 13 14 | 14.0
Stealth        | 3 4 5 6 7 8 9 11 12 13 14 15 16 17 | 17.0
Hexes          | 4 5 6 7 8 9 10 11 12 13 15 16 17 18 19 20 21 | 21.5
Spellcasting   | 3 4 6 7 8 9 |  9.3
Ice Magic      | 4 5 |  5.0
Invocations    | 6 9 11 13 14 | 14.0
Evocations     | 4 7 8 9 10 | 10.2
Throwing       | 2 4 |  4.3
Dodging        | 3 4 5 6 |  6.7
Earth Magic    | 2 5 7 9 12 14 15 | 15.5
Conjurations   | 5 10 12 14 16 18 19 | 19.6
Necromancy     | 2 6 8 9 |  9.5
Alchemy        | 2 5 7 |  7.4

Action                     |  1- 3 |  4- 6 |  7- 9 | 10-12 | 13-15 | 16-18 | 19-21 | 22-24 | 25-27 || total
---------------------------+-------+-------+-------+-------+-------+-------+-------+-------+-------++-------
  Melee: Dagger            |   154 |   144 |    45 |       |       |   309 |   363 |   440 |     8 ||  1463
         Punch             |     1 |       |     1 |       |       |       |       |       |       ||     2
         Unarmed           |       |    11 |       |       |       |       |       |       |       ||    11
         Short sword       |       |       |   125 |   364 |   589 |   214 |   274 |   102 |   289 ||  1957
         Quick blade       |       |       |       |       |       |       |       |   220 |   185 ||   405
  Throw: Boomerang         |    36 |       |       |       |       |       |       |       |       ||    36
         Dart              |       |     8 |     4 |    13 |    29 |    37 |    26 |       |       ||   117
   Cast: Ensorcelled Hiber |     4 |    18 |    64 |   188 |   267 |   259 |   238 |   214 |   162 ||  1414
         Confusing Touch   |       |     2 |     7 |    18 |    25 |    15 |    15 |    21 |     8 ||   111
         Tukima's Dance    |       |     5 |    27 |    15 |     2 |       |       |       |       ||    49
         Dazzling Flash    |       |       |       |     3 |     1 |     1 |     2 |       |       ||     7
         Enfeeble          |       |       |       |       |       |     3 |    39 |    61 |    45 ||   148
         Metabolic Englaci |       |       |       |       |       |       |     4 |       |       ||     4
         Lee's Rapid Decon |       |       |       |       |       |       |       |    38 |     4 ||    42
         Borgnjor's Vile C |       |       |       |       |       |       |       |    21 |    10 ||    31
         Bombard           |       |       |       |       |       |       |       |    18 |    17 ||    35
         Irradiate         |       |       |       |       |       |       |       |     5 |    12 ||    17
         Discord           |       |       |       |       |       |       |       |       |    18 ||    18
 Invoke: Shadow Step       |       |       |       |       |       |       |     2 |       |     1 ||     3
         Shadow Form       |       |       |       |       |       |       |     1 |     1 |     1 ||     3
Ability: Evoke Invisibilit |       |       |       |       |       |       |     7 |     3 |       ||    10
  Evoke: Wand              |       |       |       |     6 |     3 |     6 |    18 |    40 |    23 ||    96
         Lightning rod     |       |       |       |     3 |     7 |     4 |     6 |     5 |     1 ||    26
         Phial of floods   |       |       |       |     1 |       |     1 |     2 |     1 |     1 ||     6
         Condenser vane    |       |       |       |     1 |       |       |       |     2 |       ||     3
         Phantom mirror    |       |       |       |       |       |       |       |     2 |     1 ||     3
    Use: Scroll            |     4 |     6 |     5 |    12 |     7 |     4 |    10 |    19 |    18 ||    85
         Potion            |     1 |     6 |       |     1 |     1 |     1 |     2 |     5 |    12 ||    29
   Stab: Sleeping          |     5 |    10 |    41 |   127 |   250 |   309 |   316 |   280 |   126 ||  1464
         Invisible         |     1 |     2 |       |     1 |       |     2 |    54 |    94 |    50 ||   204
         Confused          |       |     1 |     3 |    19 |    23 |     9 |     7 |    28 |     9 ||    99
         Distracted        |       |       |       |     2 |       |     3 |     3 |     4 |     9 ||    21
         Betrayed ally     |       |       |       |     1 |       |     2 |     1 |       |       ||     4
         Paralysed         |       |       |       |     1 |       |       |     1 |       |       ||     2
         Held in net/web   |       |       |       |       |       |     1 |       |       |       ||     1
 Armour: Ring mail         |    81 |       |       |       |       |       |       |       |       ||    81
         Leather armour    |    25 |    90 |    50 |       |       |       |       |       |       ||   165
         Skin              |       |     8 |       |       |     1 |       |       |       |       ||     9
         Steam dragon scal |       |       |    28 |    45 |       |       |       |       |       ||    73
         Troll leather arm |       |       |       |   138 |   265 |   301 |   309 |   363 |   247 ||  1623
  Dodge: Dodged            |    74 |    87 |    69 |   137 |   200 |   199 |   295 |   277 |   159 ||  1497
  Block: Buckler           |       |     5 |    32 |    76 |    44 |       |       |       |       ||   157
